 Dungeon Crawl Stone Soup version 0.29.1-1-gd02db6906a (webtiles) character file.

Game seed: 9071523234902783089

9 xian the Sneak (level 2, -4/25 HPs)
             Began as a Djinni Delver on Oct 16, 2022.
             Slain by a worm (8 damage)
             ... on level 2 of the Dungeon.
             The game lasted 00:02:20 (597 turns).

xian the Sneak (Djinni Delver)                       Turns: 597, Time: 00:02:21

Health: -4/25      AC:  3    Str: 11    XL:     2   Next: 25%
Gold:   48         EV: 12    Int: 11    God:
                   SH:  0    Dex: 14

rFire   + + .      SeeInvis .     - Unarmed
rCold   x . .      Faith    .   (no shield)
rNeg    . . .      Spirit   .   a - +0 leather armour
rPois   ∞          Reflect  .   (no helmet)
rElec   .          Harm     .   (no cloak)
rCorr   .          Rampage  .   (no gloves)
Will    .....                   (boots unavailable)
Stlth   ++........              (no amulet)
HPRegen 0.08/turn               (no ring)
MPRegen 0.00/turn               (no ring)

@: flying
A: sickness immunity, fire resistance 2, cold vulnerability 1, float, innate
caster, HP casting, extra vitality 1
a: no special abilities


You were on level 2 of the Dungeon.
You visited 1 branch of the dungeon, and saw 4 of its levels.

You collected 48 gold pieces.

Inventory:

Missiles
 l - 2 boomerangs (quivered)
Armour
 a - a +0 leather armour (worn)
 j - a +0 chain mail
Wands
 f - a wand of digging (3)
Scrolls
 b - a scroll of fog
 g - a scroll of identify {unknown}
Potions
 c - 2 potions of berserk rage {unknown}
 d - 2 potions of attraction {unknown}
 e - a potion of haste
 h - a potion of lignification {unknown}
 i - a potion of heal wounds {unknown}
 k - a potion of might {unknown}


   Skills:
 + Level 3.1 Fighting
 + Level 2.3 Dodging
 + Level 4.2 Stealth
 + Level 2.0 Unarmed Combat
 * Level 0.4 Spellcasting


You had one spell level left.
You didn't know any spells.
Your spell library was empty.

Dungeon Overview and Level Annotations

Branches:
Dungeon (5/15)
 Temple: D:4-7

Altars:


Innate Abilities, Weirdness & Mutations

You are immune to sickness and miasma.
You are immune to poison.
Your flesh is very heat resistant. (rF++)
You are vulnerable to cold. (rC-)
You float through the air rather than walking.
You learn spells naturally, not from books.
Your magical power is your life essence.
You have superior vitality. (+4 MHP)


Message History

You hit the worm but do no damage.
The worm is moderately wounded.
The worm bites you.
You hit the worm but do no damage.
The worm is moderately wounded.
The dart slug bites you.
You barely miss the worm.
The worm is moderately wounded.
The worm bites you. The dart slug launches a dart at you.
The slug dart hits you.
You barely miss the worm. Your punch misses the worm.
The worm is lightly wounded.
You hit the worm but do no damage.
The worm is lightly wounded.
The dart slug launches a dart at you. The slug dart hits you.
The worm closely misses you.
You hit the worm.
The worm is moderately wounded.
The dart slug bites you.
You hit the worm.
The worm is moderately wounded.
The worm misses you.
You barely miss the worm.
The worm is moderately wounded.
The dart slug bites you. The worm bites you!
* * * LOW HITPOINT WARNING * * *
You hit the worm.
The worm is moderately wounded.
The dart slug closely misses you.
You hit the worm.
The worm is heavily wounded.
The worm misses you.
You hit the worm.
The worm is severely wounded.
The dart slug bites you but does no damage.
You hit the worm but do no damage.
The worm is severely wounded.
The worm bites you!
You die...

###################
............[.....######
###############.@..[....
#w#w###### #.#...
#.#...# #.#...# ..#.###
.##.# # ..


You could see a worm and a dart slug.

Vanquished Creatures
  A dart slug (D:3)
  A bat (D:2)
  An endoplasm (D:2)
  A giant cockroach (D:3)
  A goblin (D:2)
  A kobold (D:4)
  A rat (D:3)
7 creatures vanquished.

Notes
Turn   | Place    | Note
-------+----------+-------------------------------------------
     0 | D:5      | xian the Djinni Delver began the quest for the Orb.
     0 | D:5      | Reached XP level 1. HP: 20/20 MP: 0/0
    37 | D:5      | Noticed a scorpion
   503 | D:2      | Reached XP level 2. HP: 25/25 MP: 0/0
   597 | D:2      | Slain by a worm

Illustrated notes

Levels and vault maps discovered:
D:2:      layout_basic, serial_shops, shop, amethyst_killhole
D:3:      layout_basic
D:4:      layout_basic, minmay_temple_entry_statues_fountains,
          kennysheep_nondescript, uniq_crazy_yiuf_cottage
D:5:      layout_basic, gup_sewer_entry_pipe, uniq_menkaure

Action                   || total
-------------------------++-------
Melee: Unarmed           ||    45
       Punch             ||     1
  Use: Scroll            ||     2
 Stab: Sleeping          ||     4
Armor: Leather armour    ||     7
Dodge: Dodged            ||    24
